Map: Néo-Gettysburg EC

Players

Rumpi - Winner!

  • Race: Terran Terran
  • League: Platinum

Ziakor

  • Race: Zerg Zerg
  • League: Platinum

VOD

Have the link to the VOD?

Description

Time

  • Played on: July 26, 2016, 12:11 p.m.
  • Length: 18:45
Show
View Real Time Build Order
Export as new Build Order

Rumpi Terran - Winner!

Build Orders:  

Get SALT Encoding   

  12  0:00  SCV  
  13  0:13  SCV  
  14  0:20  Supply Depot  
  14  0:25  SCV  
  15  0:42  SCV  
  16  0:43  Barracks  
  16  0:52  Refinery  
  16  0:54  SCV  
  17  1:06  SCV  
  18  1:18  SCV  
  19  1:30  SCV  
  20  1:33  Bunker  
  20  1:34  Marine  
  21  1:41  Barracks  
  21  1:44  Orbital Command  
  21  2:06  Command Center  
  22  2:08  Reaper  
  22  2:13  SCV  
  23  2:27  Factory  
  23  2:29  Supply Depot  
  23  2:38  Barracks Tech Lab  
  23  2:47  Refinery  
  23  2:51  SCV  
  23  2:54  Supply Depot  
  24  3:03  SCV  
  24  3:04  Marine  
  24  3:05  Marine  
  26  3:11  Factory Tech Lab  
  26  3:15  SCV  
  26  3:18  Orbital Command  
  27  3:32  Barracks Reactor  
  27  3:34  Bunker, Marine  
  27  3:35  SCV  
  29  3:43  Siege Tank  
  29  3:47  SCV  
  33  4:00  SCV x2  
  35  4:07  Marine  
  35  4:08  Stimpack  
  36  4:12  SCV x2  
  36  4:16  Starport  
  38  4:23  Marine x2  
  40  4:24  SCV  
  40  4:28  Supply Depot  
  40  4:30  Siege Tank  
  44  4:31  SCV  
  44  4:36  SCV  
  44  4:37  Marine, Refinery  
  44  4:38  Refinery  
  47  4:44  SCV  
  49  4:47  Reaper  
  49  4:48  SCV  
  50  4:56  Supply Depot, SCV  
  51  5:00  SCV  
  52  5:08  SCV  
  52  5:12  SCV  
  54  5:14  Command Center  
  54  5:16  Starport Reactor  
  54  5:17  Siege Tank  
  57  5:30  SCV x2  
  57  5:32  Factory  
  59  5:39  Engineering Bay x2  
  60  5:42  SCV  
  60  5:43  SCV  
  60  5:45  Liberator x2  
  61  5:55  SCV  
  62  6:00  SCV  
  68  6:06  Armory  
  68  6:07  Supply Depot, SCV, Terran Infantry Armor Level 1  
  69  6:11  Marine  
  70  6:24  Supply Depot  
  70  6:26  SCV x2, Marine  
  70  6:27  Factory Tech Lab  
  70  6:28  Liberator x2  
  70  6:32  Orbital Command  
  73  6:36  Supply Depot  
  73  6:38  Terran Infantry Weapons Level 1, SCV  
  74  6:44  Marine x3  
  83  6:49  Barracks  
  83  6:53  Barracks  
  83  6:58  Supply Depot  
  83  7:00  Supply Depot  
  83  7:02  Marine  
  84  7:09  Siege Tank x2, Orbital Command  
  84  7:11  Liberator  
  93  7:36  SCV  
  93  7:37  SCV x2  
  96  7:44  Barracks Reactor x2  
  96  7:48  SCV  
  96  7:49  SCV x2  
  99  8:00  Orbital Command  
  99  8:02  SCV x2  
  101  8:14  SCV x2, Liberator x2  
  101  8:26  SCV x3  
  113  8:34  Siege Tank x2  
  113  8:35  Marine x4  
  113  8:38  SCV x3  
  123  8:44  Terran Infantry Weapons Level 2  
  123  8:47  Terran Vehicle Weapons Level 1  
  123  8:50  SCV x2  
  123  8:53  Marine  
  120  9:08  SCV x3  
  123  9:13  Command Center  
  123  9:17  Refinery  
  123  9:18  Refinery  
  123  9:20  SCV x2  
  123  9:21  Bunker, SCV  
  123  9:23  Bunker  
  126  9:25  Siege Tank x2  
  132  9:32  SCV  
  133  9:38  Armory, Missile Turret  
  133  9:53  Command Center  
  133  9:59  Missile Turret  
  133  10:05  SCV  
  133  10:08  SCV  
  133  10:24  SCV x3  
  133  10:28  Supply Depot, Medivac x2  
  138  10:32  Supply Depot, Orbital Command  
  140  10:36  Supply Depot, SCV x3  
  143  10:43  Terran Vehicle Weapons Level 2  
  143  10:44  Starport, Terran Ship Weapons Level 1  
  143  10:49  SCV  
  144  10:51  Supply Depot  
  144  10:55  Supply Depot  
  144  10:59  Terran Infantry Armor Level 2  
  144  11:09  Liberator x2  
  144  11:17  Starport  
  144  11:21  Starport  
  144  11:24  Siege Tank x2  
  144  11:25  Factory  
  156  11:54  Command Center  
  156  11:56  Orbital Command  
  156  11:58  Starport Reactor  
  156  12:02  Starport Reactor x2  
  156  12:12  Bunker  
  156  12:22  Factory Reactor  
  156  12:41  Viking x4  
  156  12:42  Missile Turret  
  164  12:45  Infernal Pre-Igniter  
  162  13:15  Orbital Command  
  142  14:09  Liberator x5  
  142  14:10  Liberator  
  130  14:29  Viking x2  
  149  14:43  Command Center  
  149  14:45  Command Center  
  149  14:51  Command Center  
  143  15:04  Liberator x2  
  141  15:09  Viking x5  
  141  15:10  Viking  
  141  15:12  Command Center  
  153  15:16  Hellbat x4  
  161  15:21  Liberator  
  161  15:22  Liberator  
  161  15:27  Command Center  
  167  15:30  Terran Ship Weapons Level 2  
  167  15:37  Hellbat x2  
  167  15:38  Hellbat x2  
  167  15:39  Medivac x2  
  184  15:59  Hellbat x4  
  141  16:20  Hellbat x3  
  132  16:28  Orbital Command  
  132  16:29  Orbital Command  
  131  16:54  Refinery  
  131  16:59  Liberator  
  131  17:05  Orbital Command  
  131  17:08  Siege Tank  
  131  17:09  Siege Tank  
  131  17:11  Hellbat x2  
  144  17:32  Hellbat x2  
  144  17:34  Refinery  
  144  17:35  Refinery  
  148  17:41  Siege Tank x2  
  154  17:45  Refinery  
  154  17:53  Hellbat  
  154  17:54  Hellbat  
  158  18:06  Refinery  
  158  18:13  Hellbat x2  
  158  18:15  Hellbat  
Show
View Real Time Build Order
Export as new Build Order

Ziakor Zerg 

Build Orders: Hatch First 

Get SALT Encoding   

  12  0:01  Drone  
  13  0:13  Overlord  
  13  0:18  Drone  
  14  0:31  Drone x2  
  14  0:35  Drone  
  17  0:59  Hatchery  
  16  1:11  Drone x3  
  19  1:13  Extractor  
  18  1:26  Spawning Pool  
  17  1:53  Hatchery  
  16  1:57  Overlord  
  16  2:13  Queen  
  18  2:19  Queen  
  20  2:26  Zergling x2  
  20  2:28  Zergling x2  
  22  2:34  Metabolic Boost  
  22  2:39  Drone  
  23  3:04  Drone x4  
  23  3:05  Drone x2  
  29  3:10  Queen  
  31  3:20  Queen  
  33  3:34  Drone  
  33  3:35  Drone x4  
  38  3:41  Drone  
  38  3:42  Drone x2  
  41  3:52  Overlord  
  41  3:53  Overlord  
  41  4:13  Drone, Zergling x2  
  41  4:14  Overlord x2, Drone x2, Zergling x6  
  48  4:46  Zergling x2  
  48  4:47  Drone x4, Zergling x8  
  48  4:48  Drone x3, Zergling x6  
  48  4:52  Roach Warren  
  62  4:53  Evolution Chamber x2  
  62  4:55  Extractor  
  59  5:01  Pneumatized Carapace  
  59  5:04  Lair  
  58  5:26  Overlord x2  
  58  5:27  Drone x4  
  58  5:28  Drone x3  
  65  5:29  Overlord x3  
  65  5:46  Zerg Ground Armor Level 1  
  65  6:18  Extractor  
  65  6:19  Extractor, Roach  
  65  6:20  Roach x6  
  65  6:21  Overlord, Drone  
  65  6:22  Overlord x2  
  65  6:23  Zergling x10  
  83  6:26  Overlord  
  83  6:53  Drone x9  
  83  6:54  Drone x2  
  94  6:57  Hatchery  
  93  7:05  Ravager x4  
  93  7:06  Hatchery  
  96  7:25  Extractor  
  96  7:27  Extractor  
  94  7:34  Glial Reconstitution  
  94  7:36  Roach, Hydralisk Den  
  95  7:37  Roach x3  
  95  7:38  Zergling x10  
  106  8:12  Zergling x2  
  104  8:13  Zergling x22  
  104  8:14  Hatchery  
  109  8:27  Hydralisk x8  
  109  8:33  Zerg Ground Armor Level 2  
  109  8:34  Zerg Melee Weapons Level 1  
  125  8:44  Queen  
  125  8:46  Drone  
  125  8:47  Drone x9  
  137  8:53  Extractor  
  137  8:54  Extractor  
  128  9:15  Drone x3  
  128  9:16  Overlord x3, Drone x10  
  141  9:32  Infestation Pit, Queen  
  142  9:47  Spine Crawler  
  142  9:54  Baneling Nest  
  134  10:21  Hive  
  134  10:30  Zergling x26  
  134  10:31  Zergling x40  
  134  10:33  Zerg Melee Weapons Level 2  
  167  10:36  Muscular Augments  
  167  10:39  Centrifical Hooks  
  167  10:43  Drone  
  167  10:44  Drone x4  
  172  10:57  Pathogen Glands  
  172  10:58  Overlord  
  172  10:59  Overlord x2  
  172  11:03  Baneling x17  
  172  11:04  Baneling x8  
  171  11:45  Burrow  
  171  11:50  Spire  
  170  11:55  Ultralisk Cavern  
  170  11:57  Overlord x2  
  170  11:58  Overlord x2  
  169  12:18  Nydus Network, Zerg Ground Armor Level 3  
  169  12:21  Adrenal Glands  
  168  12:45  Zergling x6  
  168  12:46  Zergling x2  
  172  13:10  Chitinous Plating  
  172  13:12  Overlord x2  
  172  13:13  Ultralisk x3  
  172  13:14  Overlord  
  159  13:40  Zergling x12  
  159  13:41  Zergling x8  
  154  13:45  Mutalisk x2  
  154  13:46  Mutalisk x11  
  154  14:10  Mutalisk x4  
  154  14:11  Mutalisk x7  
  156  14:52  Ultralisk x4  
  186  14:53  Ultralisk x2  
  180  15:03  Corruptor  
  180  15:04  Corruptor x2  
  180  15:11  Extractor  
  180  15:14  Extractor  
  178  15:32  Zerg Melee Weapons Level 3  
  178  15:48  Corruptor x3  
  185  15:50  Zergling x22  
  109  16:21  Zergling x2  
  109  16:22  Zergling x12  
  90  16:33  Drone x5  
  90  16:34  Drone x2  
  97  16:40  Drone x2  
  98  16:53  Drone x4  
  102  17:19  Drone  
  102  17:20  Drone x7  
  102  17:21  Drone x3  
  113  17:26  Nydus Canal  
  113  17:52  Hatchery  
  112  18:06  Nydus Canal  
  112  18:13  Drone  
  112  18:14  Drone x17  
Tags
 
Add a new tag
Caveats
  • Supply blocks, unpowered buildings, or Contaminate may cause inaccurate times.
  • Supply counts are checked every 10 seconds.